 Dungeon Crawl Stone Soup version 0.29.0-4-gdea44cf6ec (webtiles) character file.

Game seed: 13606190680772018160

12 qw the Chopper (level 2, -1/17 HPs)
             Began as a Tengu Warper on Aug 28, 2022.
             Succumbed to their own poison gas
             ... on level 1 of the Dungeon.
             The game lasted 00:00:04 (1092 turns).

qw the Chopper (Tengu Warper)                       Turns: 1092, Time: 00:00:04

Health: -1/17      AC:  6    Str: 11    XL:     2   Next: 33%
Magic:  6/6        EV:  9    Int: 13    God:
Gold:   43         SH:  0    Dex: 13    Spells: 5/5 levels left

rFire   . . .      SeeInvis .   Y - +0 hand axe
rCold   . . .      Faith    .   (no shield)
rNeg    . . .      Spirit   .   i - +0 scale mail
rPois   .          Reflect  .   (helmet restricted)
rElec   .          Harm     .   (no cloak)
rCorr   .          Rampage  .   (no gloves)
Will    .....                   (boots unavailable)
Stlth   ..........              (no amulet)
HPRegen 0.05/turn               (no ring)
MPRegen 0.10/turn               (no ring)

@: lethally poisoned (-1 -> -12), flying, hasted, very quick
A: beak, talons 3
a: no special abilities


You were on level 1 of the Dungeon.
You visited 1 branch of the dungeon, and saw 1 of its levels.

You collected 43 gold pieces.


Innate Abilities, Weirdness & Mutations

You have a beak for a mouth.
You have claws for feet.


   Skills:
 - Level 2.0 Fighting
 + Level 3.2 Axes
 - Level 1.0 Throwing
 - Level 1.1 Armour
 - Level 2.1 Dodging
 - Level 2.0 Spellcasting
 - Level 2.4 Translocations


You had 5 spell levels left.
You didn't know any spells.
Your spell library contained the following spells:

 Spells                   Type           Power      Damage    Failure   Level
 Blink                    Tloc           14%        N/A       65%         2
 Gell's Gravitas          Tloc           7%         N/A       86%         3
 Lesser Beckoning         Tloc           7%         N/A       86%         3
 Teleport Other           Tloc           7%         N/A       86%         3
 Manifold Assault         Tloc           7%         N/A       100%        5

Inventory:

Hand Weapons
 n - a +0 whip
 Y - a +0 hand axe (weapon)
Missiles
 d - 2 boomerangs of dispersal
 j - 5 silver javelins (quivered)
Armour
 i - a +0 scale mail (worn)
Potions
 f - a potion of heal wounds
 l - a potion of haste
 o - a potion of ambrosia {unknown}

Dungeon Overview and Level Annotations

Branches:
Dungeon (1/15)

Altars:

Shops:
D:1 [


Message History

Done exploring.
1082 ||| READING scroll labelled IFFILEZXIW.
As you read the scroll labelled IFFILEZXIW, it crumbles to dust.
The air around you briefly surges with heat, but it dissipates.
It was a scroll of immolation.
Done exploring.
1083 ||| DRINKING 2 viscous dark potions.
It was a potion of heal wounds.
You feel much better.
Done exploring.
1084 ||| DRINKING 2 inky potions.
It was a potion of flight.
You feel very buoyant.
You fly up into the air.
Done exploring.
1085 ||| DRINKING 2 blue potions.
It was a potion of haste.
You feel yourself speed up.
Done exploring.
1086 ||| DROPPING scroll of blinking.
You drop a scroll of blinking.
Done exploring.
1087 ||| DROPPING potion of flight.
You drop a potion of flight.
Done exploring.
(D) Dungeon
Where to? (* - list waypoints, ? - help)
What level of the Dungeon? (default 1, ? - help) Sorry, I don't know how to get there.
Done exploring.
1088 ||| Stepping randomly (stuck).
Really fly into that cloud of poison gas?
You are engulfed in poison gas.
You are lethally poisoned!
You feel very sick.
1089 ||| Stepping ~*~*~tactically~*~*~ (cloud).
You feel very sick.
Things that are here:
a potion of flight; a scroll of blinking; a +0 leather armour
There is a lethal amount of poison in your body!
You feel sick.
There is a lethal amount of poison in your body!
You feel sick.
There is a lethal amount of poison in your body!
You die...

#.### #.##.#.#.#
##.......###.## #.#
#.##.###.# ##.....###.## #.#
#.[......# ##...## ##.## #.#
####.##### ##'## ##.# #.#
#.# ### #.# ##. #.#
####¤###¤## #.# ## #.#
#.00¤¤000~# ##.##### # #.#
#.¤0¤¤00¤### ##......# ..#
###~00¤¤0¤0@0# #.....#.# ###
#~~~##¤#¤###0####...##.# #
###.##.......0¤.....##.#####
# #.####.##...###...........
# #......###<## #..###.#####
# ######## ### #..###.# #
#......# ##.##### #.#


There were no monsters in sight!

Vanquished Creatures
  2 giant cockroaches (D:1)
  2 goblins (D:1)
  2 ball pythons (D:1)
  A frilled lizard (D:1)
  3 kobolds (D:1)
  2 rats (D:1)
12 creatures vanquished.

Notes
Turn   | Place    | Note
-------+----------+-------------------------------------------
     0 | D:1      | qw the Tengu Warper began the quest for the Orb.
     0 | D:1      | Reached XP level 1. HP: 12/12 MP: 4/4
     0 | D:1      | 0 ||| qw: Version: 0.1-a-89-g26bdef1
     0 | D:1      | 0 ||| qw: Game counter: 148
     0 | D:1      | 0 ||| qw: Always use a shield: true
     0 | D:1      | 0 ||| qw: God list: Okawaru
     0 | D:1      | 0 ||| qw: Allow faded altars: false
     0 | D:1      | 0 ||| qw: Do Orc after D:15 true
     0 | D:1      | 0 ||| qw: Do second Lair branch before Depths: true
     0 | D:1      | 0 ||| qw: Lair rune preference: random
     0 | D:1      | 0 ||| qw: Plans: Normal
     0 | D:1      | 0 ||| PLANNING D:1-11
    48 | D:1      | Found a faded altar of an unknown god.
   386 | D:1      | Found Tetter's Antique Armour Boutique.
   389 | D:1      | 389 ||| SHOPLISTING embroidered scarf (192 gold, have 12).
   389 | D:1      | 389 ||| SHOPLISTING glowing leather armour (120 gold, have
                  | 12).
   389 | D:1      | 389 ||| SHOPLISTING pair of gloves (108 gold, have 12).
   389 | D:1      | 389 ||| SHOPLISTING pitted swamp dragon scales (1320 gold,
                  | have 12).
   389 | D:1      | 389 ||| SHOPLISTING runed leather armour (120 gold, have
                  | 12).
   389 | D:1      | 389 ||| SHOPLISTING runed ring mail (168 gold, have 12).
   442 | D:1      | Reached skill level 3 in Axes
   442 | D:1      | Reached XP level 2. HP: 17/17 MP: 6/6
   450 | D:1      | 450 ||| DROPPING +0 club.
  1068 | D:1      | 1068 ||| UPGRADING to +0 scale mail.
  1078 | D:1      | 1078 ||| DROPPING +0 leather armour.
  1079 | D:1      | 1079 ||| READING scroll labelled TIN TAQEEXEAV.
  1080 | D:1      | 1080 ||| READING scroll labelled RIUFAO LOAHAHA.
  1081 | D:1      | 1081 ||| READING scroll labelled PUITWU NAIR.
  1082 | D:1      | 1082 ||| READING scroll labelled IFFILEZXIW.
  1083 | D:1      | 1083 ||| DRINKING 2 viscous dark potions.
  1084 | D:1      | 1084 ||| DRINKING 2 inky potions.
  1085 | D:1      | 1085 ||| DRINKING 2 blue potions.
  1086 | D:1      | 1086 ||| DROPPING scroll of blinking.
  1087 | D:1      | 1087 ||| DROPPING potion of flight.
  1088 | D:1      | 1088 ||| Stepping randomly (stuck).
  1089 | D:1      | 1089 ||| Stepping ~*~*~tactically~*~*~ (cloud).
  1090 | D:1      | HP: 3/17 [poisoned by you (poison gas)]
  1091 | D:1      | HP: 1/17 [poisoned by you (poison gas)]
  1092 | D:1      | Succumbed to their own poison gas

Levels and vault maps discovered:
D:1:      saegor_arrival_simple_a, layout_loops_corners, serial_shops,
          nicolae_shop_behind_doors, hellmonk_ecumenical_altar_defaced_shrine,
          chequers_serial_rivers_small_a

Skill      XL: |  1 |
---------------+----+-----
Axes           | 3 |  3.2
Fighting       | |  2.0
Throwing       | |  1.0
Armour         | |  1.1
Dodging        | |  2.1
Spellcasting   | |  2.0
Translocations | |  2.4

Action                   || total
-------------------------++-------
Melee: Hand axe          ||    13
       Kick              ||     2
Throw: Boomerang         ||     5
       Javelin           ||     8
  Use: Scroll            ||     4
       Potion            ||     3
Armor: Leather armour    ||     1
Dodge: Dodged            ||     6

Table legend:
 A = Non-vault XP
 B = Vault XP
 C = Vault XP percentage of total XP
 D = Non-vault monster count
 E = Vault monster count
 F = Vault count percentage of total count
                 A         B        C        D         E       F
            +---------+---------+-------+---------+---------+-------
      Total |      15 |       3 |  16.7 |      10 |       2 |  16.7
            +---------+---------+-------+---------+---------+-------
        D:1 |      15 |       3 |  16.7 |      10 |       2 |  16.7
            +---------+---------+-------+---------+---------+-------
